 Dungeon Sprint DCSS version 0.21.1-1-g345015f (webtiles) character file.

7766 nicolaieve the Warrior (level 11, -16/117 HPs)
             Began as a Minotaur Berserker on July 16, 2018.
             Was the Champion of Trog.
             Killed by drain life
             ... invoked by a soul eater
             ... summoned by an orc high priest
              (17 damage)
             ... in the Dungeon (Sprint IX: "|||||||||||||||||||||||||||||").
             The game lasted 00:11:06 (1686 turns).

nicolaieve the Warrior (Minotaur Berserker)         Turns: 1686, Time: 00:11:07

Health: -16/117    AC: 20    Str: 28    XL:     11   Next: 1%
Magic:  10/10      EV: 13    Int:  4    God:    Trog [******]
Gold:   1282       SH:  0    Dex: 10    Spells: 10/10 levels left

rFire    . . .     SeeInvis .   C - +2 war axe (distort)
rCold    . . .     Gourm    .   (no shield)
rNeg     . . .     Faith    .   p - +1 chain mail
rPois    .         Spirit   .   (helmet restricted)
rElec    .         Reflect  .   (no cloak)
rCorr    .         Harm     .   o - +0 pair of gloves
MR       ++...     NoTele   +   t - +1 pair of boots
Stlth    ..........             (no amulet)
HPRegen  1.29/turn              n - +2 ring of protection
MPRegen  0.12/turn              q - +3 ring of strength

@: regenerating, drained
A: retaliatory headbutt, horns 2
a: Berserk, Trog's Hand, Brothers in Arms, Burn Spellbooks, Renounce Religion


You were in the Dungeon.
You worshipped Trog.
Trog was exalted by your worship.
You were not hungry.

You visited 1 branch You collected 1282 gold pieces.

Inventory:

Hand Weapons
 a - a +0 hand axe
 x - a +0 flail
 A - a +2 lajatang of protection
 C - a +2 war axe of distortion (weapon)
 D - a +0 battleaxe
Armour
 o - a +0 pair of gloves (worn)
 p - a +1 chain mail (worn)
 t - a +1 pair of boots (worn)
 B - a +0 plate armour
Jewellery
 n - a +2 ring of protection (left hand)
 q - a +3 ring of strength (right hand)
Wands
 m - a wand of acid (10)
 z - a wand of digging (10)
Scrolls
 i - 4 scrolls of blinking
 l - 3 scrolls of remove curse
 u - a scroll of identify
 v - a scroll of fear
 w - 2 scrolls of enchant armour
 y - a scroll of magic mapping
Potions
 b - a potion of might
 d - 5 potions of curing
 e - 7 potions of heal wounds
 f - a potion of haste
 g - 4 potions of magic
 h - a potion of berserk rage
 k - a potion of invisibility
 r - 2 potions of brilliance
 s - a potion of agility
Comestibles
 c - 11 rations
 j - 31 chunks of flesh


   Skills:
 + Level 17.5(17.1) Fighting
 + Level 17.2(17.3) Axes
 - Level 6.3(12.7) Maces & Flails
 + Level 13.8(13.5) Armour
 + Level 10.5(10.2) Dodging
 - Level 1.5(1.2) Stealth


You had 10 spell levels left.
You didn't know any spells.

Dungeon Overview and Level Annotations

Branches:
Dungeon (1/1)

Altars:
Cheibriados
Dithmenos
Elyvilon
Fedhas
Gozag
Hepliaklqana
Kikubaaqudgha
Makhleb
Nemelex Xobeh
Okawaru
Qazlal
Ru
Sif Muna
Trog
Uskayaw
Vehumet
Wu Jian
Xom
Yredelemnul
Zin
The Shining One
Beogh
Jiyva
Lugonu

Shops:
D [:*}


Innate Abilities, Weirdness & Mutations

You reflexively headbutt those who attack you in melee.
You have a pair of horns on your head.


Message History

* * * LOW HITPOINT WARNING * * *
The orc high priest misses you. You furiously retaliate!
You headbutt the orc high priest!
Found Ullettic's Antique Armour Shop.
You see here 50 gold pieces.
You slash the orc high priest!
Space bends around the orc high priest.
Your headbutt misses the orc high priest.
The orc high priest is heavily wounded.
The soul eater draws from the surrounding life force!
* * * LOW HITPOINT WARNING * * *
The orc priest invokes the aid of Beogh against you.
Beogh smites you!
* * * LOW HITPOINT WARNING * * *
Your skin crawls.
You feel resistant to hostile enchantments.
You feel quite a bit more hungry.
The orc high priest hits you with a trident.
* * * LOW HITPOINT WARNING * * *
The soul eater draws from the surrounding life force!
You die...

▓.▓(▓.▓.▓
▓∩▓.▓.▓.▓[▓
▓.▓.▓.▓.▓'▓
▓o▓.▓.▓.▓.▓
▓o▓.▓.▓.▓.▓
▓o▓.▓.▓.▓.▓
▓3▓)▓.▓.▓.▓
▓o▓.▓.▓.▓[▓
▓@▓.▓.▓.▓)▓
▓$▓.▓.▓.▓|▓
▓$▓.▓.▓.▓?▓
▓)▓.▓.▓.▓.▓
▓)▓.▓(▓.▓'▓
▓)▓.▓.▓%▓_▓
▓)▓.▓.▓.▓_▓
▓.▓.▓.▓.▓_▓
▓.▓.▓.▓.▓_▓


You could see a soul eater, 3 orc high priests and an orc priest.

Vanquished Creatures
  2 hydras (D)
  An orc high priest (D)
  An orc sorcerer (D)
  A spiny frog (D)
  2 komodo dragons (D)
  A troll (D)
  A blink frog (D)
  2 hippogriffs (D)
  2 yaks (D)
  Eustachio (D)
  6 wargs (D)
  2 water moccasins (D)
  3 porcupines (D)
  8 orc warriors (D)
  An eye of draining (D)
  A necrophage (D)
  2 ogres (D)
  2 wolves (D)
  2 crocodiles (D)
  3 bullfrogs (D)
  A killer bee (D)
  A crimson imp (D)
  A hound (D)
  A jelly (D)
  7 orc wizards (D)
  9 orc priests (D)
  2 worker ants (D)
  A gnoll (D)
  An adder (D)
  6 orcs (D)
  3 bats (D)
  A giant cockroach (D)
  A kobold (D)
79 creatures vanquished.

Vanquished Creatures (others)
  An orc priest (D)
1 creature vanquished.

Grand Total: 80 creatures vanquished

Notes
Turn   | Place    | Note
-------+----------+-------------------------------------------
     0 | D        | nicolaieve the Minotaur Berserker began the quest for the Orb.
     0 | D        | Reached XP level 1. HP: 19/19 MP: 0/0
    10 | D        | Reached ** piety under Trog
    35 | D        | Noticed an ogre
    35 | D        | Noticed a worker ant
    35 | D        | Noticed a worker ant
    41 | D        | Killed a worker ant
    41 | D        | Reached skill level 5 in Fighting
    41 | D        | Reached skill level 5 in Axes
    41 | D        | Reached XP level 2. HP: 17/30 MP: 1/1
    41 | D        | Reached XP level 3. HP: 21/37 MP: 2/2
    43 | D        | Reached *** piety under Trog
    48 | D        | Reached XP level 4. HP: 35/45 MP: 3/3
    52 | D        | Killed an ogre
    52 | D        | Reached XP level 5. HP: 33/56 MP: 4/4
   142 | D        | Found a roughly hewn altar of Beogh.
   142 | D        | Found a snail-covered altar of Cheibriados.
   142 | D        | Found a shadowy altar of Dithmenos.
   142 | D        | Found a white marble altar of Elyvilon.
   142 | D        | Found a blossoming altar of Fedhas.
   142 | D        | Found an opulent altar of Gozag.
   143 | D        | Found a hazy altar of Hepliaklqana.
   144 | D        | Found a viscous altar of Jiyva.
   145 | D        | Found an ancient bone altar of Kikubaaqudgha.
   146 | D        | Found a corrupted altar of Lugonu.
   147 | D        | Found a burning altar of Makhleb.
   148 | D        | Found a sparkling altar of Nemelex Xobeh.
   149 | D        | Found an iron altar of Okawaru.
   150 | D        | Found a stormy altar of Qazlal.
   151 | D        | Found a sacrificial altar of Ru.
   152 | D        | Found a deep blue altar of Sif Muna.
   153 | D        | Found a bloodstained altar of Trog.
   154 | D        | Found a hide-covered altar of Uskayaw.
   155 | D        | Found a radiant altar of Vehumet.
   156 | D        | Found an ornate altar of the Wu Jian Council.
   157 | D        | Found a shimmering altar of Xom.
   158 | D        | Found a basalt altar of Yredelemnul.
   159 | D        | Found a glowing silver altar of Zin.
   160 | D        | Found a glowing golden altar of the Shining One.
   221 | D        | Noticed a necrophage
   221 | D        | Noticed a hippogriff
   224 | D        | Reached **** piety under Trog
   224 | D        | Reached skill level 5 in Dodging
   234 | D        | Killed a hippogriff
   234 | D        | Reached skill level 10 in Fighting
   234 | D        | Reached skill level 10 in Axes
   234 | D        | Reached skill level 5 in Armour
   234 | D        | Reached XP level 6. HP: 56/67 MP: 5/5
   245 | D        | Reached ***** piety under Trog
   245 | D        | Reached skill level 1 in Stealth
   246 | D        | Reached XP level 7. HP: 37/74 MP: 6/6
   354 | D        | Noticed a troll
   377 | D        | Killed a troll
   385 | D        | Reached XP level 8. HP: 52/85 MP: 0/7
   594 | D        | Noticed a blink frog
   600 | D        | Received a gift from Trog
   604 | D        | Reached ****** piety under Trog
   605 | D        | Noticed a komodo dragon
   612 | D        | Killed a blink frog
   619 | D        | Killed a komodo dragon
   619 | D        | Received a gift from Trog
   619 | D        | Reached XP level 9. HP: 63/95 MP: 8/8
   662 | D        | Noticed a six-headed hydra
   662 | D        | Noticed a spiny frog
   720 | D        | Reached skill level 15 in Axes
   742 | D        | Killed a spiny frog
   997 | D        | Noticed a four-headed hydra
  1002 | D        | Reached skill level 15 in Fighting
  1002 | D        | Reached skill level 10 in Dodging
  1008 | D        | Killed a six-headed hydra
  1008 | D        | Reached skill level 10 in Armour
  1011 | D        | Killed a four-headed hydra
  1011 | D        | Received a gift from Trog
  1011 | D        | Reached XP level 10. HP: 93/107 MP: 9/9
  1286 | D        | Reached skill level 5 in Maces & Flails
  1291 | D        | Received a gift from Trog
  1365 | D        | Noticed Eustachio
  1370 | D        | Killed Eustachio
  1370 | D        | Received a gift from Trog
  1443 | D        | Noticed an orc sorcerer
  1461 | D        | Killed an orc sorcerer
  1470 | D        | Received a gift from Trog
  1510 | D        | Received a gift from Trog
  1529 | D        | Noticed an orc high priest
  1540 | D        | Received a gift from Trog
  1553 | D        | Killed an orc high priest
  1658 | D        | Found Doecounkiss's Gadget Boutique.
  1659 | D        | Received a gift from Trog
  1666 | D        | Reached XP level 11. HP: 71/117 MP: 10/10
  1669 | D        | Found Wulutedo's General Store.
  1672 | D        | Noticed an orc high priest
  1673 | D        | Noticed a soul eater
  1673 | D        | Noticed a soul eater
  1674 | D        | Found Haoxib's Book Boutique.
  1682 | D        | Noticed an orc high priest
  1684 | D        | Found Ullettic's Antique Armour Shop.
  1684 | D        | Noticed an orc high priest
  1685 | D        | HP: 4/117 [orc priest/divine providence (13)]
  1686 | D        | HP: 1/117 [orc high priest/trident (4)]
  1686 | D        | Killed from afar by a soul eater

Skill      XL: |  1  2  3  4  5  6  7  8  9 10 |
---------------+-------------------------------+-----
Fighting       | 5 6 8 10 11 12 14 15 17 | 17.5
Axes           | 5 6 8 10 11 13 14 16 17 | 17.2
Armour         | 3 4 5 6 8 10 13 | 13.8
Dodging        | 3 4 6 8 9 10 | 10.5
Stealth        | 1 |  1.5
Maces & Flails | 3 6 |  6.3

Action                   |  1- 3 |  4- 6 |  7- 9 | 10-12 || total
-------------------------+-------+-------+-------+-------++-------
Melee: Hand axe          |    26 |    23 |    86 |    87 ||   222
       Headbutt          |     3 |     3 |    27 |    27 ||    60
       Flail             |       |       |     6 |    38 ||    44
       War axe           |       |       |       |    21 ||    21
Invok: Berserk           |     1 |     1 |     2 |     4 ||     8
       Trog's Hand       |       |       |       |     1 ||     1
 Stab: Distracted        |       |     1 |       |       ||     1
  Eat: Chunk             |       |       |     3 |     7 ||    10
Armor: Animal skin       |     4 |     5 |       |       ||     9
       Chain mail        |       |       |    44 |    39 ||    83
Dodge: Dodged            |    14 |    17 |    54 |    60 ||   145
